 Dungeon Crawl Stone Soup version 0.28.0-62-gf88900778d (webtiles) character file.

Game seed: 11591917625840736099

366 cbfl8 the Skirmisher (level 6, -9/55 HPs)
             Began as a Minotaur Abyssal Knight on June 27, 2023.
             Was a Believer of Lugonu.
             Killed from afar by an orc wizard (11 damage)
             ... with a puff of flame
             ... on level 4 of the Dungeon.
             The game lasted 00:03:12 (4031 turns).

cbfl8 the Skirmisher (Minotaur Abyssal Knight)      Turns: 4031, Time: 00:03:13

Health: -9/55      AC:  5    Str: 16 (18) XL:     6   Next: 40%
Magic:  6/6        EV:  9    Int:  4 (7)  God:    Lugonu [**....]
Gold:   110        SH:  8    Dex: 15 (18) Spells: 5/5 levels left

rFire   . . .      SeeInvis .   a - +1 hand axe
rCold   . . .      Faith    .   d - +0 kite shield
rNeg    . . .      Spirit   .   h - +0 ring mail
rPois   .          Reflect  .   (helmet restricted)
rElec   .          Harm     .   (no cloak)
rCorr   .          Rampage  .   (no gloves)
Will    .....                   (no boots)
Stlth   +.........              (no amulet)
HPRegen 0.18/turn               i - +6 ring of dexterity
MPRegen 0.10/turn               m - ring of flight

@: flying
A: horns 2, retaliatory headbutt
a: Renounce Religion, Depart the Abyss, Bend Space


You were on level 4 of the Dungeon.
You worshipped Lugonu.
Lugonu was pleased with you.
You visited 1 branch of the dungeon, and saw 4 of its levels.
You visited the Abyss 1 time.

You collected 110 gold pieces.

Inventory:

Hand Weapons
 a - a +1 hand axe (weapon)
Armour
 d - a +0 kite shield (worn)
 h - a +0 ring mail (worn)
Jewellery
 i - a +6 ring of dexterity (left hand)
 m - a ring of flight (right hand)
Wands
 r - a wand of flame (4)
Scrolls
 c - 2 scrolls of fog
 g - a scroll of acquirement {unknown}
 k - 2 scrolls of amnesia {unknown}
 l - a scroll of identify {unknown}
 n - a scroll of blinking {unknown}
 o - a scroll of vulnerability
 q - 3 scrolls of teleportation
 s - a scroll of silence {unknown}
Potions
 e - 2 potions of degeneration
 f - a potion of cancellation
 j - a potion of curing {unknown}


   Skills:
 + Level 4.8 Fighting
 + Level 4.5 Axes
 + Level 4.1 Armour
 + Level 2.8 Dodging
 + Level 0.3 Stealth
 + Level 1.3 Shields
 + Level 0.6 Unarmed Combat
 + Level 1.8 Invocations
 * Level 2.1 Evocations


You had 5 spell levels left.
You didn't know any spells.
Your spell library contained the following spells:

 Spells                   Type           Power      Damage    Failure   Level
 Shock                    Conj/Air       0%         1d3       98%         1
 Swiftness                Air            0%         N/A       100%        3
 Airstrike                Air            0%         N/A       100%        4


Dungeon Overview and Level Annotations

Branches:
Dungeon (4/15)
 Temple: D:4-7

Altars:


Innate Abilities, Weirdness & Mutations

You have a pair of horns on your head.
You reflexively headbutt those who attack you in melee.


Message History

The orc priest is almost dead.
The orc hits you from afar with a +0 trident.
* * * LOW HITPOINT WARNING * * *
You block the orc priest's attack.
You hit the orc priest but do no damage.
You headbutt the orc priest.
You kill the orc priest!
Lugonu accepts your kill. The orc barely misses you.
Deactivating autopickup; reactivate with Ctrl-A.
You hit something but do no damage. Your headbutt misses something.
The orc closely misses you. Something hits you.
* * * LOW HITPOINT WARNING * * *
You writhe in agony.
* * * LOW HITPOINT WARNING * * *
The orc barely misses you.
As you read the scroll labelled ZETANI TIUCKECK, it crumbles to dust.
Magic quickly surges around you.
It was a scroll of vulnerability.
Something hits you.
* * * LOW HITPOINT WARNING * * *
The orc closely misses you.
Unknown command.
It was a potion of degeneration.
There was something very wrong with that liquid.
You feel weakened.
You feel dopey.
You feel clumsy. Something hits you.
* * * LOW HITPOINT WARNING * * *
The orc closely misses you.
It was a potion of cancellation.
Your magical effects are unravelling.
You feel magically purged.
You feel your willpower return. Something hits you.
* * * LOW HITPOINT WARNING * * *
The orc closely misses you.
It was a potion of magic.
Magic courses through your body.
You hear some strange, mumbled words.
A puff of flame appears from out of thin air!
The puff of flame hits you!
You die...

..... #S..# #...# #...#
#...# #...# ####### #...#
#.....# ##o#######
#.....## #.{@....#######
#......# ####..#.......#
#..†...# ##.###..###.#
#......#######.## ##..>#.#
###.##..........###......#
#..###########..#.......#
#.## ####)#........# #.#
#...†.........# #.#
###.########...##


You could see an orc (weak-willed).

Vanquished Creatures
  2 hounds (D:4)
  An orc priest (D:4)
  Ijyb (D:3)
  Natasha (thrice) (D:3)
  An orc wizard (D:4)
  5 adders
  4 gnolls (D:3)
  A dart slug (D:3)
  An orc (D:3)
  2 endoplasms
  4 giant cockroaches
  9 goblins
  8 hobgoblins
  5 jackals
  7 quokkas
  2 ball pythons (D:1)
  6 bats
  7 kobolds
  4 rats (D:3)
73 creatures vanquished.

Notes
Turn   | Place    | Note
-------+----------+-------------------------------------------
     0 | Abyss:1  | cbfl8 the Minotaur Abyssal Knight began the quest for the
                  | Orb.
     0 | Abyss:1  | Reached XP level 1. HP: 19/19 MP: 1/1
     7 | Abyss:1  | Found a corrupted altar of Lugonu.
    36 | Abyss:1  | Noticed a chaos spawn
    37 | D:1      | Escaped the Abyss
   155 | D:1      | Found a faded altar of an unknown god.
   368 | D:1      | Reached XP level 2. HP: 21/27 MP: 2/2
   467 | D:1      | Reached * piety under Lugonu
  1648 | D:2      | Reached XP level 3. HP: 33/33 MP: 3/3
  2454 | D:3      | Noticed Natasha
  2456 | D:3      | Reached skill level 1 in Evocations
  2463 | D:3      | Killed Natasha
  2464 | D:3      | Reached XP level 4. HP: 26/40 MP: 4/4
  2478 | D:3      | Noticed Natasha
  2706 | D:3      | Killed Natasha
  2854 | D:3      | Reached XP level 5. HP: 34/46 MP: 5/5
  2857 | D:3      | Reached ** piety under Lugonu
  3021 | D:3      | Noticed Natasha
  3030 | D:3      | Killed Natasha
  3265 | D:3      | Noticed Ijyb
  3274 | D:3      | Killed Ijyb
  3859 | D:4      | Reached XP level 6. HP: 53/53 MP: 6/6
  3866 | D:4      | Reached skill level 1 in Shields
  4030 | D:4      | HP: 2/55 [something (2)]
  4031 | D:4      | Killed from afar by an orc wizard

Illustrated notes

Levels and vault maps discovered:
D:1:      minmay_arrival_up_and_down, layout_loops_ring,
          chequers_ecumenical_altar_simple
D:2:      minmay_skewed_foursquare, layout_basic
D:3:      layout_basic, minmay_hedge_maze, hangedman_decor_slide_cut,
          minmay_misc_feat_secret_circle, minmay_starry_boxes, uniq_natasha,
          uniq_ijyb
D:4:      layout_loops_cross

Skill      XL: |  1  2  3  4  5  6 |
---------------+-------------------+-----
Fighting       | 4 |  4.8
Axes           | 3 4 |  4.5
Armour         | 3 4 |  4.1
Evocations     | 1 2 |  2.1
Dodging        | 2 |  2.8
Shields        | 1 |  1.3
Stealth        | |  0.3
Unarmed Combat | |  0.6
Invocations    | |  1.8

Action                   |  1- 3 |  4- 6 || total
-------------------------+-------+-------++-------
Melee: Hand axe          |    92 |    96 ||   188
       Headbutt          |    11 |    21 ||    32
       Unarmed           |       |    25 ||    25
Invok: Depart the Abyss  |     1 |       ||     1
  Use: Scroll            |     2 |     1 ||     3
       Potion            |       |     3 ||     3
Armor: Leather armour    |    20 |       ||    20
       Ring mail         |    13 |    21 ||    34
Dodge: Dodged            |    41 |    79 ||   120
Block: Kite shield       |    29 |    43 ||    72
